 Dungeon Crawl Stone Soup version 0.19-a0-450-g98b348d (webtiles) character file.

75357 Goblin1989 the Basher (level 15, -16/99 HPs)
             Began as a Gargoyle Gladiator on June 1, 2016.
             Was a High Priest of Uskayaw.
             Killed by divine providence
             ... invoked by an orc priest
             ... led by an orc warlord
              (18 damage)
             ... on level 1 of the Orcish Mines.
             The game lasted 01:04:24 (19537 turns).

Goblin1989 the Basher (Gargoyle Gladiator)         Turns: 19537, Time: 01:04:25

Health: -16/99     AC: 37    Str: 29    XL:     15   Next: 49%
Magic:  18/18      EV:  6    Int: 10    God:    Uskayaw [*****.]
Gold:   1196       SH: 20    Dex: 10    Spells: 0 memorised, 14 levels left

rFire  . . .     SeeInvis .     I - +11 mace of Blood-Lust {crush, Str+5}
rCold  + + .     Gourm    .     P - +0 plate armour
rNeg   + . .     Faith    .     N - +0 large shield
rPois  ∞         Spirit   .     c - +0 helmet
rElec  +         Dismiss  .     g - +1 cloak
rCorr  .         Reflect  .     D - +2 pair of gloves
SustAt .         Harm     +     n - +1 pair of boots
MR     +....                    Q - amulet of harm
Stlth  ..........               S - ring of protection from cold {rC+, !d}
                                F - ring of protection from cold {rC+, !d}

@: flying, drained, somewhat resistant to hostile enchantments, extremely
unstealthy
A: big wings, negative energy resistance 1, electricity resistance, unbreathing,
petrification resistance, rot immunity, AC +11
a: Stop Flying, Stomp, Line Pass, Grand Finale, Renounce Religion


You were on level 1 of the Orcish Mines.
You worshipped Uskayaw.
Uskayaw was extremely pleased with you.
You were not hungry.

You visited 4 branches of the dungeon, and saw 21 of its levels.
You also visited: Ice Cave and Volcano.

You collected 1728 gold pieces.
You spent 532 gold pieces at shops.

Inventory:

Hand Weapons
 u - a +9 demon whip of freezing
 I - the +11 mace of Blood-Lust (weapon) {crush, Str+5}
   (You found it on level 5 of the Dungeon)

   It inflicts extra damage upon your enemies.
   It affects your strength (+5).
 Z - a +1 blowgun
Missiles
 a - 6 needles of sleeping
 d - 2 throwing nets (quivered) {=f, !d}
 i - 612 stones
 j - 149 sling bullets
 r - 15 javelins
 v - 9 curare-tipped needles
 A - 70 poisoned needles
 G - 18 tomahawks
 R - 7 javelins of penetration
 W - 2 needles of frenzy
Armour
 c - a +0 helmet (worn)
 g - a +1 cloak (worn)
 n - a +1 pair of boots (worn)
 D - a +2 pair of gloves (worn)
 N - a +0 large shield (worn)
 P - a +0 plate armour (worn)
Rods
 U - a +8 rod of inaccuracy (9/9) {!a}
   (You found it on level 8 of the Lair of Beasts)
Jewellery
 l - an uncursed ring of sustain attributes
 z - an uncursed ring of positive energy {rN+}
 F - a ring of protection from cold (left hand) {rC+, !d}
 Q - an amulet of harm (around neck)
 S - a ring of protection from cold (right hand) {rC+, !d}
Wands
 m - a wand of teleportation (4/9)
 w - a wand of disintegration (14/24)
 X - a wand of digging (3/24)
Scrolls
 b - 6 scrolls of teleportation
 o - 9 scrolls of remove curse
 p - a scroll of magic mapping {!r}
 q - 4 scrolls of fog
 x - 5 scrolls of enchant armour
 y - 3 scrolls of immolation {!r}
 M - a scroll of random uselessness {unknown}
 Y - 2 scrolls of recharging {unknown}
Potions
 e - 14 potions of curing
 s - a potion of resistance
 t - a potion of cure mutation {!q}
 B - 3 potions of cancellation
 C - 5 potions of haste
 K - 3 potions of berserk rage {!q}
 O - a potion of ambrosia
 V - 4 potions of heal wounds
Miscellaneous
 E - a phial of floods
 J - a phantom mirror
 T - a legendary deck of destruction
Comestibles
 f - 8 bread rations
 h - 8 meat rations
 k - 2 beef jerkies
 H - 13 slices of pizza
 L - 2 chunks of flesh


   Skills:
 + Level 13.4(13.2) Fighting
 - Level 14.0(13.8) Maces & Flails
 - Level 8.4(8.2) Throwing
 + Level 13.1(12.8) Armour
 - Level 2.4(2.2) Dodging
 + Level 13.0(12.7) Shields
 + Level 4.1(3.9) Evocations


You had 14 spell levels left.
You didn't know any spells.

Dungeon Overview and Level Annotations

Branches:
Dungeon (11/15)            Temple (1/1) D:4            Lair (8/8) D:9
  Swamp (0/4) Lair:6       Spider (0/4) Lair:5        Slime (0/6) Lair:7
    Orc (1/2) D:9

Altars:
Ashenzari
Cheibriados
Dithmenos
Elyvilon
Fedhas
Gozag
Hepliaklqana
Kikubaaqudgha
Makhleb
Nemelex Xobeh
Okawaru
Pakellas
Qazlal
Ru
Sif Muna
Trog
Uskayaw
Vehumet
Xom
Yredelemnul
Zin
The Shining One

Shops:
D:5 (   D:7 *   D:10 *   D:11 (


Innate Abilities, Weirdness & Mutations

You are resistant to torment.
Your stone body is resilient. (AC +11)
You are immune to poison.
Your large and strong wings let you fly indefinitely.
You resist negative energy. (rN+)
You are resistant to electric shocks. (rElec)
You can survive without breathing.
You are immune to petrification.
You are immune to rotting.


Message History

The red devil hits you but does no damage.
You block the orange demon's attack. The orc hits you but does no damage. x2
You bludgeon the orc warrior!!
You kill the orc warrior!
The red devil disappears in a puff of smoke!
The orc priest hits you but does no damage.
The orc sorcerer points at you and mumbles some strange words.
The bolt of negative energy hits you! You partially resist.
You feel drained. You block the orc priest's attack.
You block the orange demon's attack. The orc hits you but does no damage.
You can now merge with and destroy a victim.
You thump the orc priest!
You kill the orc! x2; You kill the orc priest!
The orc sorcerer points at you and mumbles some strange words.
The bolt of fire hits you!
* * * LOW HITPOINT WARNING * * *
You block the orange demon's attack.
The orc priest calls down the wrath of Beogh upon you.
Beogh smites you!
You die...

...# # ##...#.## #.##
#.# ##....... #.
...#....##.......####.#.
.......##...#......#....
)....#####.......$......
....###.#........§.§....
...###..................
....###........oo§.§...>
#....#........4.@)......
.........#.)...)))......
..##......##......).....
..##...#.###........#...
.####.#####.......##....
## ### ##.#...## #..#
####### ###


You could see an orange demon, an orc sorcerer and an orc priest.

Vanquished Creatures
  Maud (Orc:1)
  An orc warlord (Orc:1)
  A frost giant (IceCv)
  Nessos (Lair:7)
  The ghost of Leszczynek the Basher, a journeyman NaTm of Okawaru (Lair:2)
  The ghost of Duffy the Fighter, a journeyman GrEE of Cheibriados (Lair:2)
  A fire dragon (Volcano)
  Josephine (Lair:7)
  7 hydras
  The ghost of tyrsky the Thaumaturge, a journeyman GrEE of Vehumet (Lair:3)
  3 death yaks (Lair:8)
  Urug (Lair:1)
  An orc high priest (Orc:1)
  Sonja (D:10)
  4 unseen horrors (D:11)
  An orc knight (Orc:1)
  2 salamanders (Volcano)
  A manticore (D:9)
  A griffon (Lair:7)
  9 elephants (Lair:7)
  3 black mambas
  An ice statue (IceCv)
  8 spiny frogs
  A gargoyle (D:6)
  3 rime drakes
  9 komodo dragons
  3 spriggan druids (Lair:8)
  2 trolls
  18 polar bears
  4 two-headed ogres
  20 blink frogs
  Prince Ribbit (Lair:2)
  11 spriggans (Lair:8)
  5 redbacks (Lair:8)
  5 wraiths (Lair:7)
  58 yaks
  5 wyverns
  11 hippogriffs
  12 fire bats
  4 steam dragons
  2 basilisks (Lair:5)
  A mottled dragon (Volcano)
  5 vampire mosquitoes (Lair:6)
  A warg (D:9)
  Edmund (D:5)
  17 water moccasins
  13 porcupines
  14 orc warriors
  2 sky beasts
  3 necrophages
  An eye of draining (D:11)
  2 ice beasts
  A phantom (D:6)
  11 black bears
  3 wasps (Lair:8)
  49 wolves
  4 centaurs
  4 ogres
  15 crocodiles
  A big kobold (D:11)
  17 giant frogs
  A wyvern zombie (D:11)
  5 scorpions
  A wyvern skeleton (D:6)
  A water moccasin skeleton (D:6)
  5 wights (D:6)
  2 howler monkeys
  An electric eel (Lair:6)
  5 crimson imps
  A centaur zombie (D:8)
  A quasit (D:8)
  2 giant frog skeletons (D:5)
  A giant frog zombie (D:8)
  4 jellies
  Crazy Yiuf (D:5)
  7 hounds
  4 centaur skeletons
  14 orc priests
  23 orc wizards
  10 iguanas
  5 worker ants
  10 hell rats
  20 sheep
  2 hound skeletons
  Robin (D:2)
  3 gnolls (D:5)
  A worker ant zombie (D:8)
  A howler monkey skeleton (D:8)
  3 adders
  36 river rats
  2 oozes (D:1)
  An adder zombie (D:9)
  2 adder skeletons
  2 worms
  2 dart slugs
  9 giant geckos
  66 orcs
  10 giant cockroaches
  16 goblins
  21 hobgoblins
  20 jackals
  6 quokkas
  6 bats
  A giant cockroach zombie (D:5)
  6 giant newts
  A jackal skeleton (D:4)
  12 kobolds
  A quokka zombie (D:9)
  32 rats
  A toadstool (D:1)
779 creatures vanquished.

Vanquished Creatures (collateral kills)
  A fungus (Lair:8)
1 creature vanquished.

Vanquished Creatures (others)
  4 fungi
  2 plants (Volcano)
  3 toadstools (D:1)
9 creatures vanquished.

Grand Total: 789 creatures vanquished

Notes
Turn   | Place    | Note
--------------------------------------------------------------
     0 | D:1      | Goblin1989 the Gargoyle Gladiator began the quest for the Orb.
     0 | D:1      | Reached XP level 1. HP: 12/12 MP: 1/1
   163 | D:1      | Reached XP level 2. HP: 15/17 MP: 2/2
   419 | D:1      | Reached skill level 4 in Maces & Flails
   794 | D:1      | Reached XP level 3. HP: 21/21 MP: 3/3
  1082 | D:2      | Found a white marble altar of Elyvilon.
  1085 | D:2      | Found a snail-covered altar of Cheibriados.
  1086 | D:2      | Found a basalt altar of Yredelemnul.
  1086 | D:2      | Found a sacrificial altar of Ru.
  1087 | D:2      | Found a glowing silver altar of Zin.
  1088 | D:2      | Found a burning altar of Makhleb.
  1090 | D:2      | Found a shattered altar of Ashenzari.
  1124 | D:2      | Noticed Robin
  1168 | D:2      | Killed Robin
  1168 | D:2      | Reached XP level 4. HP: 11/26 MP: 4/4
  1378 | D:2      | Reached skill level 5 in Maces & Flails
  2117 | D:3      | Reached XP level 5. HP: 27/30 MP: 5/5
  2121 | D:3      | Found a stormy altar of Qazlal.
  2874 | D:4      | Found a shimmering altar of Xom.
  2949 | D:4      | Reached skill level 6 in Maces & Flails
  3067 | D:4      | Found a staircase to the Ecumenical Temple.
  3094 | D:4      | Reached XP level 6. HP: 5/35 MP: 6/6
  3396 | Temple   | Entered the Ecumenical Temple
  3404 | Temple   | Became a worshipper of Uskayaw the Reveler
  3438 | D:4      | Reached * piety under Uskayaw
  3440 | D:4      | Reached skill level 7 in Maces & Flails
  3467 | D:4      | Reached ** piety under Uskayaw
  3548 | D:4      | Reached *** piety under Uskayaw
  3556 | D:4      | Reached **** piety under Uskayaw
  3558 | D:4      | Reached XP level 7. HP: 19/40 MP: 7/7
  3842 | D:5      | Entered Level 5 of the Dungeon
  3885 | D:5      | Found Xeupnurph's Weapon Shop.
  3920 | D:5      | Noticed Edmund
  3957 | D:5      | Killed Edmund
  3957 | D:5      | Reached skill level 8 in Maces & Flails
  4385 | D:5      | Reached skill level 9 in Maces & Flails
  4392 | D:5      | Reached XP level 8. HP: 31/44 MP: 8/8
  4612 | D:5      | Noticed Crazy Yiuf
  4622 | D:5      | Killed Crazy Yiuf
  4633 | D:5      | Got a brightly glowing mace
  4634 | D:5      | Identified the +11 mace of Blood-Lust {crush, Str+5} (You found it on level 5 of the Dungeon)
  4746 | D:5      | Reached skill level 10 in Maces & Flails
  4850 | D:6      | Reached skill level 11 in Maces & Flails
  4854 | D:6      | Reached ***** piety under Uskayaw
  4946 | D:6      | Noticed a gargoyle
  4955 | D:6      | Killed a gargoyle
  4955 | D:6      | Reached XP level 9. HP: 28/48 MP: 3/9
  5031 | D:6      | Found a sparkling altar of Nemelex Xobeh.
  5116 | D:6      | Reached skill level 12 in Maces & Flails
  5141 | D:6      | Got a transparent flail
  5142 | D:6      | Identified the +8 flail "Wuid" {elec, *Corrode rElec rN+++ Dex-5} (You found it on level 6 of the Dungeon)
  5645 | D:6      | Reached skill level 1 in Shields
  5667 | D:6      | Reached skill level 1 in Armour
  5895 | D:7      | Found Gozag's Platinum Reserve.
  5940 | D:7      | Found an opulent altar of Gozag.
  5997 | D:7      | Found an iron altar of Okawaru.
  6359 | D:7      | Found an oddly glowing altar of Pakellas.
  6359 | D:7      | Found a hazy altar of Hepliaklqana.
  6543 | D:8      | Reached XP level 10. HP: 32/58 MP: 10/10
  6692 | D:8      | Reached skill level 5 in Fighting
  6699 | D:8      | Found a bloodstained altar of Trog.
  7267 | D:9      | Found a staircase to the Lair.
  7300 | D:9      | Reached skill level 5 in Armour
  7300 | D:9      | Reached skill level 5 in Shields
  7352 | D:9      | Found a staircase to the Orcish Mines.
  7675 | D:9      | Found a radiant altar of Vehumet.
  8200 | D:9      | Reached skill level 13 in Maces & Flails
  8488 | D:10     | Entered Level 10 of the Dungeon
  8488 | D:10     | Found Puenayc's Assorted Antiques.
  8488 | D:10     | Noticed Sonja
  8526 | D:10     | Killed Sonja
  8526 | D:10     | Reached XP level 11. HP: 66/66 MP: 11/11
  8534 | D:10     | Bought a forked iron wand for 116 gold pieces
  8534 | D:10     | Bought a scroll of identify for 58 gold pieces
  8534 | D:10     | Bought a scroll of identify for 58 gold pieces
  8534 | D:10     | Bought a scroll labeled JUTIGI DUUGG for 29 gold pieces
  8534 | D:10     | Bought a potion of berserk rage for 145 gold pieces
  8534 | D:10     | Bought a scroll of remove curse for 87 gold pieces
  9126 | D:11     | Found Giguruar's Weapon Shop.
  9143 | D:11     | Bought 6 needles of sleeping for 39 gold pieces
  9184 | D:11     | Killed an unseen horror
  9243 | D:11     | Killed an unseen horror
  9327 | D:11     | Killed an unseen horror
  9585 | D:11     | Killed an unseen horror
  9960 | Lair:1   | Entered Level 1 of the Lair of Beasts
  9988 | Lair:1   | Reached skill level 14 in Maces & Flails
  9992 | Lair:1   | Found a dark tunnel.
 10001 | Volcano  | Entered a volcano
 10051 | Volcano  | Reached XP level 12. HP: 65/73 MP: 12/12
 10133 | Volcano  | Reached ****** piety under Uskayaw
 10408 | Volcano  | Noticed a fire dragon
 10420 | Volcano  | Killed a fire dragon
 10866 | Lair:1   | Noticed Urug
 10876 | Lair:1   | Killed Urug
 11739 | Lair:2   | Noticed Prince Ribbit
 11762 | Lair:2   | Killed Prince Ribbit
 11849 | Lair:2   | Noticed Duffy's ghost (journeyman GrEE)
 11893 | Lair:2   | Killed Duffy's ghost
 11947 | Lair:2   | Noticed Leszczynek's ghost (journeyman NaTm)
 11948 | Lair:2   | Found a frozen archway.
 11957 | IceCv    | Entered an ice cave
 12126 | IceCv    | Reached skill level 10 in Fighting
 12265 | IceCv    | Reached skill level 5 in Throwing
 12366 | IceCv    | Reached XP level 13. HP: 81/82 MP: 13/13
 12545 | IceCv    | Reached skill level 10 in Armour
 12559 | IceCv    | Reached skill level 10 in Shields
 12611 | IceCv    | Noticed a frost giant
 12627 | IceCv    | Killed a frost giant
 13198 | Lair:2   | Killed Leszczynek's ghost
 13631 | Lair:3   | Noticed tyrsky's ghost (journeyman GrEE)
 13647 | Lair:3   | Killed tyrsky's ghost
 14701 | Lair:4   | Gained mutation: Your large and strong wings let you fly indefinitely. [Gargoyle growth]
 14701 | Lair:4   | Reached XP level 14. HP: 88/90 MP: 14/14
 15475 | Lair:5   | Found a hole to the Spider Nest.
 15810 | Lair:6   | Found a shattered altar of Ashenzari.
 15877 | Lair:6   | Found a staircase to the Swamp.
 16463 | Lair:7   | Found a staircase to the Slime Pits.
 16697 | Lair:7   | Noticed Josephine
 16707 | Lair:7   | Killed Josephine
 17174 | Lair:7   | Noticed Nessos
 17247 | Lair:7   | Killed Nessos
 17343 | Lair:7   | Reached skill level 1 in Evocations
 17426 | Lair:8   | Entered Level 8 of the Lair of Beasts
 17500 | Lair:8   | Upgraded the game from 0.19-a0-414-g76fec5b to 0.19-a0-450-g98b348d
 17920 | Lair:8   | Reached XP level 15. HP: 96/97 MP: 16/16
 18528 | Lair:8   | Identified a +8 rod of inaccuracy (9/9) (You found it on level 8 of the Lair of Beasts)
 19116 | Orc:1    | Entered Level 1 of the Orcish Mines
 19330 | Orc:1    | Noticed Maud
 19507 | Orc:1    | Killed Maud
 19513 | Orc:1    | Noticed an orc warlord
 19528 | Orc:1    | Killed an orc warlord
 19537 | Orc:1    | HP: 2/99 [orc sorcerer/bolt of fire (36)]
 19537 | Orc:1    | Killed from afar by an orc priest

Vault maps used:
D:1:      ldierk_water_garden, serial_park_tiny_2
D:2:      minitemple, minmay_vboxes, uniq_robin
D:3:      nicolae_qazlal_general_emergency, minmay_joined_circles
D:4:      lemuel_crystal_altar, minmay_temple_entry_statues_pillars
D:5:      lemuel_ratsnest, first_bread, serial_shops,
          nicolae_shop_window_shopping, kennysheep_boxes, uniq_edmund,
          uniq_crazy_yiuf_cottage
D:6:      minmay_opposing_rooms, nemelex_deck, kennysheep_nondescript
D:7:      kennysheep_mini, nicolae_gozag_zags_fifth_avenue,
          gammafunk_temple_overflow_statue
D:8:      kennysheep_little_box, grunt_pizzeria, hangedman_abyss_or_decor_passed
D:9:      vehumet_crystals, lair_0_dummy, erik_orc_3, serial_corexii_hall,
          corexii_hall_statues_i, corexii_hall_statues_deadend
D:10:     serial_shops, nicolae_shop_crystal, uniq_sonja
D:11:     serial_glass, glass_columns_b, glass_columns_a, glass_columns_b,
          glass_columns_b, glass_columns_c, glass_columns_c, glass_columns_c,
          glass_columns_b, glass_columns_c, glass_columns_c, glass_columns_a,
          glass_columns_a, glass_columns_c, glass_columns_c, serial_shops,
          nicolae_shop_crystal
Temple:   nicolae_temple_no_exploring_needed
Lair:1:   nicolae_volcano_entry_batcave, grunt_megastairs_3, uniq_urug
Lair:2:   portal_ice_cave_entry_pillars_1, uniq_prince_ribbit2
Lair:3:   serial_bayou_pond_d, beast_lair_carwin_1
Lair:4:   grunt_megastairs_5, lemuel_fruit_tree
Lair:5:   spider_nest_entry_web_field
Lair:6:   minmay_swamp_entry_swarm, basic_altar, infiniplex_staircase_pool
Lair:7:   dpeg_slime_entry_corner, uniq_josephine, uniq_nessos
Lair:8:   minmay_lair_end_enchanted_forest, kilobyte_rumbling_trees,
          infiniplex_staircase_pool_2, serial_bayou_shore_b
Orc:1:    mines2_lemuel, uniq_maud
IceCv:    ice_cave_caverns_03
Volcano:  pf_volcano_lost_world

Skill      XL: |  1  2  3  4  5  6  7  8  9 10 11 12 13 14 15 |
---------------+----------------------------------------------+-----
Maces & Flails | 4 5 6 7 9 11 12 13 14 | 14.0
Shields        | 4 6 7 9 11 12 13 | 13.0
Armour         | 3 6 7 9 10 12 13 | 13.1
Fighting       | 4 6 8 10 11 12 13 | 13.4
Throwing       | 2 5 7 8 |  8.4
Evocations     | 2 4 |  4.1
Dodging        | |  2.4

Action                   |  1- 3 |  4- 6 |  7- 9 | 10-12 | 13-15 || total
-------------------------+-------+-------+-------+-------+-------++-------
Melee: Flail             |   123 |   307 |   232 |       |       ||   662
       Mace              |       |       |   147 |   579 |   945 ||  1671
       Demon whip        |       |       |       |    36 |       ||    36
Throw: Throwing net      |       |       |     3 |       |       ||     3
       Javelin           |       |       |     3 |       |       ||     3
 Abil: Fly               |       |       |       |       |     1 ||     1
Evoke: Wand              |       |       |       |     3 |     1 ||     4
  Use: Potion            |     2 |       |     1 |     4 |     1 ||     8
       Scroll            |       |       |     3 |    18 |    11 ||    32
 Stab: Paralysed         |       |     1 |    10 |    27 |    68 ||   106
  Eat: Chunk             |       |     7 |     9 |    18 |    11 ||    45
       Beef jerky        |       |     1 |       |       |     1 ||     2
       Fruit             |       |       |       |     1 |    12 ||    13
       Royal jelly       |       |       |       |     1 |     1 ||     2
Armor: Leather armour    |    40 |       |       |       |       ||    40
       Ring mail         |    36 |   144 |   166 |       |       ||   346
       Plate armour      |       |       |    42 |   404 |   433 ||   879
Dodge: Dodged            |    95 |   200 |   170 |    60 |   130 ||   655
Block: Large shield      |       |       |    60 |   485 |   858 ||  1403
